 Dungeon Crawl Stone Soup version 0.31-a0-986-g5e6e4ef867 (webtiles) character file.

Game seed: 15449408097170078017

15980 AppTheSpectato the Warrior (level 12, -2/178 HPs)
             Began as a Minotaur Berserker on Nov 9, 2023.
             Was a High Priest of Trog.
             Succumbed to Amaemon's poison
             ... on level 1 of the Lair of Beasts.
             The game lasted 00:31:08 (12545 turns).

AppTheSpectato the Warrior (Minotaur Berserker)    Turns: 12545, Time: 00:31:09

Health: -2/178     AC: 10    Str: 28    XL:     12   Next: 6%
Magic:  11/11      EV: 11    Int:  4    God:    Trog [*****.]
Gold:   1016       SH:  0    Dex: 18    Spells: 11/11 levels left

rFire   . . .        C - +4 lajatang (flame)
rCold   + . .        (shield currently unavailable)
rNeg    + . .        w - +1 scale mail of the Sunfish {Str+3}
rPois   .            (helmet restricted)
rElec   .            t - +0 cloak
rCorr   .            k - +0 pair of gloves
SInv    .            v - +0 pair of boots
Will    .....        I - macabre finger necklace {Finger+ rN+} Stlth
                     g - ring of protection from cold
HPRegen 0.49/turn    b - +6 ring of dexterity
MPRegen 0.12/turn    (no ring)

%: no passive effects
@: berserking, lethally poisoned (-2 -> -51), very quick
A: horns 2, retaliatory headbutt
a: Renounce Religion, Berserk, Trog's Hand, Brothers in Arms


You were on level 1 of the Lair of Beasts.
You worshipped Trog.
Trog was extremely pleased with you.
You visited 3 branches of the dungeon, and saw 14 of its levels.
You also visited: Sewer and Bailey.

You collected 1544 gold pieces.
You spent 528 gold pieces at shops.

Inventory:

Hand Weapons
 l - a +1 scythe
 C - a +4 lajatang of flaming (weapon)
 F - a +3 antimagic halberd
Missiles
 x - a throwing net
Armour
 k - a +0 pair of gloves (worn)
 t - a +0 cloak (worn)
 v - a +0 pair of boots (worn)
 w - the +1 scale mail of the Sunfish (worn) {Str+3}
   (You found it in a bailey)

   Str+3:     It affects your strength (+3).
Jewellery
 b - a +6 ring of dexterity (right hand)
 g - a ring of protection from cold (left hand)
 I - the macabre finger necklace (around neck) {Finger+ rN+}
   (You found it on level 10 of the Dungeon)

   [amulet of nothing]

   Finger+:   It enables you to equip an extra ring.
   rN+:       It protects you from negative energy.
Wands
 f - a wand of mindburst (12)
 i - a wand of paralysis (18)
 E - a wand of iceblast (15)
 H - a wand of flame (10)
 K - a wand of digging (5)
Scrolls
 d - 7 scrolls of teleportation
 e - 2 scrolls of revelation
 h - a scroll of enchant weapon
 o - a scroll of fear {unknown}
 q - 4 scrolls of vulnerability
 r - 2 scrolls of poison
 u - 2 scrolls of immolation
 y - a scroll of brand weapon {unknown}
 z - a scroll of blinking {unknown}
 A - a scroll of amnesia {unknown}
 D - a scroll of summoning
 J - 2 scrolls of acquirement {unknown}
 L - 4 scrolls of identify
Potions
 a - a potion of resistance
 c - 2 potions of enlightenment
 j - a potion of heal wounds
 m - 3 potions of curing
 n - 3 potions of attraction
 p - 2 potions of berserk rage
 s - 3 potions of cancellation
 B - a potion of magic
 G - a potion of brilliance
 M - a potion of invisibility {unknown}
 N - 2 potions of lignification {unknown}


   Skills:
 - Level 15.0 Fighting
 - Level 13.9(15.8) Polearms
 + Level 12.5(15.1) Staves
 - Level 2.4 Armour
 - Level 2.1 Dodging


You had 11 spell levels left.
You didn't know any spells.
Your spell library was empty.

Dungeon Overview and Level Annotations

Branches:
Dungeon (12/15)            Temple (1/1) D:4            Lair (1/5) D:11
  Sewer (visited)          Bailey (visited)
    Orc: D:9-12

Altars:
Ashenzari
Cheibriados
Dithmenos
Elyvilon
Fedhas
Gozag
Hepliaklqana
Kikubaaqudgha
Makhleb
Nemelex Xobeh
Okawaru
Qazlal
Ru
Sif Muna
Trog
Uskayaw
Vehumet
Wu Jian
Xom
Yredelemnul
Zin
The Shining One

Shops:
D:1 [   D:6 ?   D:7 (   D:11 (?

Annotations:
D:2 1 runed translucent door, Crazy Yiuf
D:4 3 runed translucent doors, sammy202020's ghost, amateur AtSh
D:10 3 runed translucent doors, Persephone's ghost, journeyman GrFi
Lair:1 Amaemon


Innate Abilities, Weirdness & Mutations

You have a pair of horns on your head.
You reflexively headbutt those who attack you in melee.


Message History

Amaemon completely misses you.
Amaemon tail-slaps you but does no damage.
You slice Amaemon!! You burn Amaemon. You headbutt Amaemon.
Amaemon is heavily wounded.
You feel very sick.
The cane toad stings you but does no damage.
Amaemon closely misses you. Amaemon claws you!
Amaemon tail-slaps you but does no damage.
You slice Amaemon!! You burn Amaemon!
Amaemon is severely wounded.
You feel very sick. The cane toad stings you.
You are more poisoned.
The cane toad poisons you!
You barely miss Amaemon. Your headbutt misses Amaemon.
Amaemon is severely wounded.
You feel extremely sick. Amaemon hits you but does no damage.
You are lethally poisoned!
Amaemon closely misses you. Amaemon completely misses you.
The cane toad stings you!
* * * LOW HITPOINT WARNING * * *
A red film seems to cover your vision as you go berserk!
You feel yourself moving faster!
You feel mighty!
* * * LOW HITPOINT WARNING * * *
You feel extremely sick.
Amaemon hits you with a -2 demon whip of venom!
* * * LOW HITPOINT WARNING * * *
You are more poisoned.
Amaemon claws you!
* * * LOW HITPOINT WARNING * * *
Amaemon tail-slaps you.
* * * LOW HITPOINT WARNING * * *
The cane toad misses you. You furiously retaliate!
You headbutt the cane toad!!
You are too berserk!
You open the cane toad like a pillowcase!!!
You burn the cane toad.
You kill the cane toad!
Trog accepts your kill.
You die...

.........##..#
.........##..##
.........##...# . .
..........#..######..
..
........##.............
....... #.............
#....###P....#
#...####......
###...@†S.....
#..#†6......
#.###....... #.#
....... #.# ....##. ###
....# .....# ## ......
..[ ...


You could see Amaemon and a black mamba.

Vanquished Creatures
  2 two-headed ogres
  A boulder beetle (D:11)
  Erica (Lair:1)
  A cyclops (D:11)
  6 elephants
  An orange demon (Lair:1)
  3 cane toads (Lair:1)
  A rime drake (Lair:1)
  3 kobold demonologists
  A komodo dragon (D:9)
  A troll (D:9)
  Grinder (D:6)
  Sigmund (D:3)
  3 wyverns
  8 yaks
  Eustachio (D:5)
  2 basilisks
  3 vampire mosquitoes (D:11)
  Menkaure (D:6)
  An acid dragon (D:10)
  8 water moccasins
  A sky beast (D:6)
  5 orc warriors
  An ice beast (D:5)
  2 black bears
  3 wolves (Lair:1)
  An ogre (D:4)
  2 phantoms
  5 centaurs
  13 kobold brigands
  4 bullfrogs
  A scorpion (D:5)
  10 wights
  10 killer bees
  3 electric eels (D:8)
  4 hounds
  A jelly (D:8)
  6 orc priests
  A gnoll bouda (D:6)
  3 sleepcaps
  Terence (D:3)
  2 iguanas
  9 orc wizards
  Robin (D:2)
  4 gnolls (D:6)
  11 adders
  3 shadow imps
  A white imp (D:6)
  A worm (D:4)
  A dart slug (D:1)
  30 orcs
  9 endoplasms
  12 giant cockroaches
  13 goblins
  10 hobgoblins
  8 jackals
  10 quokkas
  19 ball pythons
  5 bats
  10 frilled lizards
  35 kobolds
  6 rats
327 creatures vanquished.

Notes
Turn   | Place    | Note
-------+----------+-------------------------------------------
     0 | D:1      | AppTheSpectato the Minotaur Berserker began the quest for
                  | the Orb.
     0 | D:1      | Reached XP level 1. HP: 19/19 MP: 0/0
   150 | D:1      | Reached skill level 4 in Fighting
   151 | D:1      | Reached XP level 2. HP: 25/27 MP: 1/1
   608 | D:1      | Reached XP level 3. HP: 34/34 MP: 2/2
   625 | D:1      | Found Gecaff's Armour Boutique.
  1037 | D:2      | Found a runed translucent door.
  1038 | D:2      | Noticed Crazy Yiuf
  1071 | D:2      | Reached ** piety under Trog
  1500 | D:2      | Reached XP level 4. HP: 39/41 MP: 3/3
  1679 | D:2      | Reached skill level 5 in Fighting
  1680 | D:2      | Noticed Robin
  1683 | D:2      | Reached skill level 5 in Polearms
  1703 | D:2      | Killed Robin
  2049 | D:3      | Found an opulent altar of Gozag.
  2294 | D:3      | Reached XP level 5. HP: 31/50 MP: 4/4
  2447 | D:3      | Reached *** piety under Trog
  2464 | D:3      | Noticed Sigmund
  2527 | D:3      | Killed Sigmund
  2528 | D:3      | Reached skill level 6 in Fighting
  2528 | D:3      | Reached XP level 6. HP: 21/58 MP: 5/5
  2690 | D:3      | Noticed Terence
  2694 | D:3      | Killed Terence
  2929 | D:4      | Found a runed translucent gate.
  2945 | D:4      | Found a glowing drain.
  2950 | D:4      | Found a runed translucent gate.
  2950 | D:4      | Found a runed translucent gate.
  2956 | D:4      | Noticed sammy202020's ghost (amateur AtSh)
  2973 | Sewer    | Entered a sewer
  3371 | Sewer    | Reached skill level 7 in Fighting
  3384 | Sewer    | Reached **** piety under Trog
  3504 | D:4      | Reached XP level 7. HP: 64/66 MP: 6/6
  3549 | D:4      | Found a staircase to the Ecumenical Temple.
  3619 | Temple   | Entered the Ecumenical Temple
  3965 | D:5      | Entered Level 5 of the Dungeon
  3966 | D:5      | Noticed Eustachio
  3971 | D:5      | Killed Eustachio
  3972 | D:5      | Reached skill level 8 in Fighting
  4430 | D:5      | Reached XP level 8. HP: 77/77 MP: 7/7
  4571 | D:5      | Found a sparkling altar of Nemelex Xobeh.
  4571 | D:5      | Found a blossoming altar of Fedhas.
  4629 | D:5      | Reached skill level 9 in Fighting
  5107 | D:5      | Found a hide-covered altar of Uskayaw.
  5303 | D:6      | HP: 2/79 [poisoned by an orc wizard]
  5629 | D:6      | Found Iruit's Magic Scroll Shop.
  5655 | D:6      | Noticed Menkaure
  5656 | D:6      | Reached skill level 10 in Fighting
  5656 | D:6      | Reached skill level 10 in Polearms
  5947 | D:6      | Killed Menkaure
  6114 | D:6      | Reached XP level 9. HP: 66/86 MP: 8/8
  6122 | D:6      | Noticed Grinder
  6131 | D:6      | HP: 3/86 [gnoll/+0 halberd[a gnoll bouda] (6)]
  6133 | D:6      | Killed Grinder
  6134 | D:6      | Reached skill level 11 in Fighting
  6637 | D:7      | Found Boef's Hydra Hut.
  6638 | D:7      | Noticed a five-headed hydra
  6650 | D:7      | Reached skill level 1 in Staves
  6741 | D:7      | Reached ***** piety under Trog
  7061 | D:7      | Found a basalt altar of Yredelemnul.
  7148 | D:7      | Found a hazy altar of Hepliaklqana.
  7397 | D:8      | Noticed a two-headed ogre
  7404 | D:8      | Killed a two-headed ogre
  7405 | D:8      | Reached skill level 12 in Fighting
  7543 | D:8      | Found a flagged portal.
  7566 | Bailey   | Entered a bailey
  7605 | Bailey   | Reached XP level 10. HP: 71/97 MP: 9/9
  7735 | Bailey   | Found a bloodstained altar of Trog.
  7763 | Bailey   | Identified the +1 scale mail of the Sunfish {Str+3}
  8432 | D:7      | Bought a +3 lajatang of flaming for 528 gold pieces
  8531 | D:8      | Identified the +9 quarterstaff "Huyhasun" {venom, Str+3}
  8781 | D:8      | Found a shimmering altar of Xom.
  9034 | D:9      | Reached skill level 5 in Staves
  9419 | D:9      | Received a gift from Trog
  9691 | D:9      | Noticed a two-headed ogre
  9694 | D:9      | Killed a two-headed ogre
 10030 | D:10     | Entered Level 10 of the Dungeon
 10067 | D:10     | Found a runed translucent gate.
 10067 | D:10     | Noticed Persephone's ghost (journeyman GrFi)
 10070 | D:10     | Found a runed translucent gate.
 10071 | D:10     | Found a runed translucent gate.
 10084 | D:10     | Identified the +0 plate armour of Prudence {rF+ rCorr}
 10086 | D:10     | Found the macabre finger necklace {Finger+ rN+}
 10249 | D:10     | Reached XP level 11. HP: 104/104 MP: 10/10
 10405 | D:10     | Reached skill level 10 in Staves
 10635 | D:11     | Found Heukuluv's Weapon Shop.
 10844 | D:11     | Found a staircase to the Lair.
 11191 | D:11     | Noticed a boulder beetle
 11202 | D:11     | Killed a boulder beetle
 11203 | D:11     | Reached skill level 13 in Fighting
 11530 | D:11     | Found Yluipry's Magic Scroll Boutique.
 12005 | Gauntlet | Identified the "Roymamud"
 12005 | Gauntlet | Identified the "Uwias"
 12005 | Lair:1   | Entered Level 1 of the Lair of Beasts
 12043 | Lair:1   | Noticed Erica
 12057 | Lair:1   | Killed Erica
 12349 | Lair:1   | Reached skill level 14 in Fighting
 12473 | Lair:1   | Reached skill level 15 in Fighting
 12473 | Lair:1   | Reached XP level 12. HP: 100/119 MP: 11/11
 12531 | Lair:1   | Noticed Amaemon
 12544 | Lair:1   | HP: 4/178 [Amaemon/-2 demon whip of venom (6)]
 12545 | Lair:1   | Succumbed to Amaemon's poison

Illustrated notes

Levels and vault maps discovered:
D:1:      lemuel_arrival_cross, layout_rooms, serial_forest,
          infiniplex_forest_clump_large, infiniplex_forest_lined_3,
          infiniplex_forest_lined_4_way, infiniplex_forest_end_2,
          infiniplex_forest_end_3, serial_shops, nicolae_shop_real_fake_doors
D:2:      layout_basic, kennysheep_generic_room_8, uniq_crazy_yiuf_cottage,
          uniq_robin
D:3:      layout_loops_ring, pf_just_have_faith, uniq_sigmund, uniq_terence
D:4:      layout_gridville, temple_fountains, gammafunk_ghost_necromancy,
          gup_sewer_entry_glass
D:5:      layout_loops_ring, nicolae_overflow_two_pavilions,
          nicolae_uskayaw_suspiria, eino_tiny_chamber, uniq_eustachio
D:6:      layout_rooms, serial_shops, kennysheep_mini, uniq_grinder,
          uniq_menkaure
D:7:      layout_rooms, kennysheep_mini_moat, overflow_temple_1_default,
          doesnt_shop_hydraphobe
D:8:      layout_basic, lemuel_round_altar, enter_bailey_2
D:9:      layout_roguey
D:10:     layout_rooms, biasface_ghost_orc_armoury, kennysheep_generic_room_14
D:11:     lemuel_ice_spiral_2, layout_stronghold, david_lair_generic,
          nicolae_stop_n_shop_1, nicolae_stop_n_shop_2
D:12:     layout_loops_ring, orc_0_dummy, serial_glass, glass_columns_c,
          glass_columns_b, glass_columns_a, glass_columns_a, glass_columns_c,
          due_unseen_surprise, minmay_strange_pillars, item_on_display_a,
          unseen_surprise_small
Temple:   nicolae_temple_bog_church
Lair:1:   layout_gridlike, ebering_ghost_rock_garden, gauntlet_entry_generic,
          lemuel_fruit_fields, grunt_megastairs_3, uniq_amaemon, uniq_erica

Skill      XL: |  1  2  3  4  5  6  7  8  9 10 11 |
---------------+----------------------------------+-----
Fighting       | 4 5 6 7 8 10 12 15 | 15.0
Polearms       | 4 5 6 7 8 10 12 13 | 13.9
Staves         | 3 9 12 | 12.5
Armour         | |  2.4
Dodging        | |  2.1

Action                     |  1- 3 |  4- 6 |  7- 9 | 10-12 || total
---------------------------+-------+-------+-------+-------++-------
  Melee: Spear             |   105 |   103 |       |       ||   208
         Headbutt          |     8 |    23 |    35 |    38 ||   104
         Halberd           |       |   125 |   255 |    85 ||   465
         Lajatang          |       |       |       |   192 ||   192
 Invoke: Berserk           |     1 |       |       |     1 ||     2
    Use: Scroll            |       |     6 |     3 |     9 ||    18
         Potion            |       |       |     9 |       ||     9
   Stab: Sleeping          |     1 |     2 |     1 |       ||     4
         Distracted        |       |       |     1 |       ||     1
 Armour: Animal skin       |    56 |    87 |   109 |       ||   252
         Scale mail        |       |       |    46 |   173 ||   219
  Dodge: Dodged            |    44 |   111 |   116 |   131 ||   402

Table legend: (Time is in decaauts)
 A = Elapsed time spent in this place.
 B = Non-inter-level travel time spent in this place.
 C = Inter-level travel time spent in this place.
 D = Time resting spent in this place.
 E = Time spent auto-exploring this place.
 F = Levels seen in this place.
 G = Mean time per level.
                   A        B        C        D        E       F      G
               +--------+--------+--------+--------+--------+-----+--------+
         Total |  12560 |  11860 |    700 |   1285 |   8561 |  16 |  785.0 |
       Dungeon |  11130 |  10430 |    700 |   1214 |   7724 |  12 |  927.5 |
        Temple |      1 |      1 |      0 |      0 |      0 |   1 |    1.0 |
          Lair |    520 |    520 |      0 |      0 |    421 |   1 |  520.0 |
         Sewer |    618 |    618 |      0 |      0 |    308 |   1 |  618.0 |
        Bailey |    289 |    289 |      0 |     71 |    107 |   1 |  289.0 |
               +--------+--------+--------+--------+--------+-----+--------+

Top non-repeatable levels by time:
     D:5: 1360 daAuts
    D:11: 1321 daAuts
     D:8: 1270 daAuts
     D:2: 1179 daAuts
     D:6: 1111 daAuts
     D:9: 1019 daAuts
     D:3: 900 daAuts
     D:1: 823 daAuts
     D:7: 809 daAuts
     D:4: 699 daAuts
   Sewer: 618 daAuts
    D:10: 600 daAuts
  Lair:1: 520 daAuts
  Bailey: 289 daAuts
    D:12: 32 daAuts
